 Dungeon Crawl Stone Soup version 0.26-a0-29-gb080af9 (webtiles) character file.

Game seed: 7049489179493471986, levelgen mode: deterministic

1159 thirtiethelement the Conjurer (level 8, -5/58 HPs)
             Began as a Gnoll Conjurer on May 28, 2020.
             Was an Initiate of Vehumet.
             Shot with an arrow by a centaur (15 damage)
             ... on level 5 of the Dungeon.
             The game lasted 00:12:23 (4749 turns).

thirtiethelement the Conjurer (Gnoll Conjurer)      Turns: 4749, Time: 00:12:23

Health: -5/58      AC:  3    Str: 17    XL:     8   Next: 39%
Magic:  1/17       EV: 15    Int: 20    God:    Vehumet [......]
Gold:   166        SH:  0    Dex: 15    Spells: 8/19 levels left

rFire    . . .     SeeInvis .   k - +4 club
rCold    . . .     Gourm    .   (no shield)
rNeg     . . .     Faith    .   a - +0 robe
rPois    .         Spirit   .   r - +0 helmet
rElec    .         Reflect  .   (no cloak)
rCorr    .         Harm     .   (no gloves)
MR       .....                  (no boots)
Stlth    +++.......             (no amulet)
HPRegen  0.19/turn              p - +6 ring of strength
MPRegen  0.15/turn              (no ring)

@: no status effects
A: distributed training, fangs 1, strong nose
a: Renounce Religion


You were on level 5 of the Dungeon.
You worshipped Vehumet.
Vehumet was noncommittal.
You were not hungry.

You visited 2 branches of the dungeon, and saw 6 of its levels.

You collected 166 gold pieces.

Inventory:

Hand Weapons
 d - a +0 hand axe
 k - a +4 club (weapon)
Missiles
 v - 6 javelins (quivered)
Armour
 a - a +0 robe (worn)
 j - a +0 ring mail
 r - a +0 helmet (worn)
Jewellery
 p - a +6 ring of strength (left hand)
Wands
 l - a wand of digging (3)
 u - a wand of iceblast (5)
 y - a wand of flame (19)
Scrolls
 n - a scroll of remove curse
 o - 3 scrolls of identify
 q - a scroll of fog {unknown}
 s - 3 scrolls of teleportation
Potions
 b - a potion of degeneration {unknown}
 e - 2 potions of berserk rage {unknown}
 f - 2 potions of heal wounds {unknown}
 g - a potion of curing {unknown}
 h - a potion of ambrosia {unknown}
 i - 2 potions of stabbing {unknown}
 m - 3 potions of flight {unknown}
 t - a potion of experience {unknown}
 w - 2 potions of brilliance {unknown}
 x - a potion of mutation {unknown}
 z - a potion of lignification {unknown}
Comestibles
 c - 10 rations


   Skills:
 + Level 3.1 Fighting
 + Level 3.1 Short Blades
 + Level 3.1 Long Blades
 + Level 3.1 Axes
 + Level 3.1 Maces & Flails
 + Level 3.1 Polearms
 + Level 3.1 Staves
 + Level 3.1 Slings
 + Level 3.1 Bows
 + Level 3.1 Crossbows
 + Level 3.1 Throwing
 + Level 3.1 Armour
 + Level 5.6 Dodging
 + Level 5.3 Stealth
 + Level 3.1 Shields
 + Level 3.1 Unarmed Combat
 + Level 6.0 Spellcasting
 + Level 7.6 Conjurations
 + Level 2.5 Hexes
 + Level 2.5 Charms
 + Level 2.5 Summonings
 + Level 2.5 Necromancy
 + Level 2.5 Translocations
 + Level 2.5 Transmutations
 + Level 2.5 Fire Magic
 + Level 2.5 Ice Magic
 + Level 2.5 Air Magic
 + Level 2.5 Earth Magic
 + Level 2.5 Poison Magic
 + Level 3.5 Invocations
 + Level 3.1 Evocations


You had 8 spell levels left.
You knew the following spells:

 Your Spells              Type           Power        Failure   Level  Hunger
a - Magic Dart            Conj           ####         1%          1    None
b - Searing Ray           Conj           #####.       1%          2    None
c - Fulminant Prism       Conj/Hex       ####......   13%         4    ####...
d - Iskenderun's Mystic   Conj/Tloc      ####....     13%         4    ####...

Your spell library contained the following spells:

 Spells                   Type           Power        Failure   Level  Hunger
 Beastly Appendage        Tmut           ###...       3%          1    None
 Dazzling Flash           Conj/Hex       ####..       3%          3    ##.....
 Sticks to Snakes         Tmut           ###.....     5%          2    None
 Spider Form              Tmut/Pois      ###.......   11%         3    ##.....
 Ice Form                 Ice/Tmut       ###.....     36%         4    ####...
 Blade Hands              Tmut           ###.......   71%         5    #####..


Dungeon Overview and Level Annotations

Branches:
Dungeon (5/15)             Temple (1/1) D:4

Altars:
Ashenzari
Cheibriados
Dithmenos
Elyvilon
Fedhas
Gozag
Kikubaaqudgha
Makhleb
Okawaru
Ru
Sif Muna
Uskayaw
Vehumet
Wu Jian
Yredelemnul
Zin
The Shining One

Shops:
D:4 *


Innate Abilities, Weirdness & Mutations

Your experience applies equally to all skills.
You have very sharp teeth.
Your uncanny sense of smell can sniff out nearby items.


Message History

You kill the orc warrior!
Vehumet accepts your kill.
Your Spellcasting skill increases to level 6!
The searing ray hits the centaur!
The centaur is heavily wounded.
The centaur shoots an arrow.
The arrow barely misses you.
The centaur shoots an arrow.
The arrow hits you.
The searing ray misses the centaur.
You finish channeling your searing ray.
The centaur shoots an arrow.
The arrow hits you!
* * * LOW HITPOINT WARNING * * *
Casting: Searing Ray (safe; 1% risk of failure)
Confirm with . or Enter, or press ? or * to list all spells.
Aiming: Searing Ray (safe; 1% risk of failure)
Press: ? - help, Shift-Dir - straight line, f - centaur
Aim: a centaur, wielding a +0 shortbow and quivering 4 arrows (heavily wounded)
The searing ray hits the centaur!
The centaur is almost dead. (Press . to maintain the ray.)
The centaur shoots an arrow.
The arrow hits you!
You die...

.###.##.#####.#
# #.......#
#.#######
#.....# ..#.
#.....# #.#.
#.....# ...
#.##### #.) #.#
.. #@#
######.##)#
..oo..co#c#
#(#.# #...#
##..# #..# ∆
##># ###


You could see a centaur.

Vanquished Creatures
  Grinder (D:3)
  Sigmund (D:2)
  An orc warrior (D:5)
  A phantom (D:4)
  An ogre (D:5)
  A scorpion (D:4)
  A howler monkey (D:4)
  3 orc priests
  3 orc wizards
  Jessica (D:2)
  Terence (D:2)
  2 worker ants (D:5)
  A worker ant zombie (D:4)
  A howler monkey skeleton (D:3)
  5 adders
  3 oozes
  An adder skeleton (D:5)
  An adder zombie (D:5)
  2 worms (D:2)
  2 dart slugs
  4 leopard geckos (D:3)
  17 orcs
  6 bats
  2 giant cockroaches (D:1)
  6 goblins
  7 hobgoblins
  2 jackals (D:3)
  3 kobolds
  2 quokkas
  A ball python (D:1)
  7 frilled lizards
  A quokka skeleton (D:4)
  4 rats
95 creatures vanquished.

Vanquished Creatures (others)
  An orc wizard (D:4)
  2 fulminant prisms (D:5)
3 creatures vanquished.

Grand Total: 98 creatures vanquished

Notes
Turn   | Place    | Note
-------+----------+-------------------------------------------
     0 | D:1      | thirtiethelement the Gnoll Conjurer began the quest for the
                  | Orb.
     0 | D:1      | Reached XP level 1. HP: 13/13 MP: 6/6
   168 | D:1      | Reached XP level 2. HP: 19/19 MP: 3/7
   343 | D:1      | Learned a level 2 spell: Searing Ray
   805 | D:2      | Reached XP level 3. HP: 25/25 MP: 1/9
   887 | D:2      | Reached skill level 5 in Spellcasting
  1058 | D:2      | Noticed Terence
  1065 | D:2      | Killed Terence
  1065 | D:2      | Reached skill level 1 in Fighting
  1065 | D:2      | Reached skill level 1 in Short Blades
  1065 | D:2      | Reached skill level 1 in Long Blades
  1065 | D:2      | Reached skill level 1 in Axes
  1065 | D:2      | Reached skill level 1 in Maces & Flails
  1065 | D:2      | Reached skill level 1 in Polearms
  1065 | D:2      | Reached skill level 1 in Staves
  1065 | D:2      | Reached skill level 1 in Slings
  1065 | D:2      | Reached skill level 1 in Bows
  1065 | D:2      | Reached skill level 1 in Crossbows
  1065 | D:2      | Reached skill level 1 in Throwing
  1065 | D:2      | Reached skill level 1 in Armour
  1065 | D:2      | Reached skill level 1 in Shields
  1065 | D:2      | Reached skill level 1 in Unarmed Combat
  1065 | D:2      | Reached skill level 1 in Invocations
  1065 | D:2      | Reached skill level 1 in Evocations
  1137 | D:2      | Noticed Jessica
  1138 | D:2      | Killed Jessica
  1138 | D:2      | Reached XP level 4. HP: 32/32 MP: 8/11
  1255 | D:2      | Noticed Sigmund
  1259 | D:2      | Killed Sigmund
  1259 | D:2      | Reached skill level 1 in Hexes
  1259 | D:2      | Reached skill level 1 in Charms
  1259 | D:2      | Reached skill level 1 in Summonings
  1259 | D:2      | Reached skill level 1 in Necromancy
  1259 | D:2      | Reached skill level 1 in Translocations
  1259 | D:2      | Reached skill level 1 in Transmutations
  1259 | D:2      | Reached skill level 1 in Fire Magic
  1259 | D:2      | Reached skill level 1 in Ice Magic
  1259 | D:2      | Reached skill level 1 in Air Magic
  1259 | D:2      | Reached skill level 1 in Earth Magic
  1259 | D:2      | Reached skill level 1 in Poison Magic
  1259 | D:2      | Reached XP level 5. HP: 38/38 MP: 7/12
  1259 | D:2      | Reached XP level 6. HP: 44/44 MP: 7/13
  2313 | D:3      | Learned a level 4 spell: Fulminant Prism
  2318 | D:3      | Learned a level 4 spell: Iskenderun's Mystic Blast
  2498 | D:3      | Found a burning altar of Makhleb.
  2504 | D:3      | Found an ancient bone altar of Kikubaaqudgha.
  2536 | D:3      | Reached skill level 5 in Dodging
  2646 | D:3      | Noticed an Executioner
  2650 | D:3      | Noticed a neqoxec
  2650 | D:3      | Noticed a neqoxec
  3065 | D:3      | Found a white marble altar of Elyvilon.
  3268 | D:3      | Noticed Grinder
  3283 | D:3      | Killed Grinder
  3283 | D:3      | Reached XP level 7. HP: 27/51 MP: 5/15
  3430 | D:3      | Found an ornate altar of the Wu Jian Council.
  3431 | D:3      | Found a blossoming altar of Fedhas.
  3432 | D:3      | Found a shattered altar of Ashenzari.
  3492 | D:4      | Found a staircase to the Ecumenical Temple.
  3502 | Temple   | Entered the Ecumenical Temple
  3680 | D:4      | Found Uduutso's Elemental Accessories.
  3716 | D:4      | Reached skill level 5 in Stealth
  4098 | D:4      | Reached XP level 8. HP: 57/57 MP: 12/16
  4232 | D:4      | Found a radiant altar of Vehumet.
  4240 | D:4      | Became a worshipper of Vehumet
  4404 | D:5      | Entered Level 5 of the Dungeon
  4451 | D:5      | Found an opulent altar of Gozag.
  4749 | D:5      | Shot with an arrow by a centaur

Illustrated notes

Levels and vault maps discovered:
D:1:      psy_arrival_whirlpool, layout_basic, kennysheep_boxes
D:2:      layout_basic, uniq_jessica, uniq_terence, uniq_sigmund
D:3:      layout_rooms, kiku_gazebo_pond_becter, elyvilon_altar_5,
          makhleb_altar_promises_db, minitemple, first_ration, uniq_grinder
D:4:      layout_basic, vehumet_altar_wand_db, minmay_temple_entry_junction,
          nicolae_elemental_shop
D:5:      layout_basic, grunt_gozag_statues, serial_shops, shop
Temple:   nicolae_temple_figure_zero

Skill      XL: |  1  2  3  4  5  6  7  8 |
---------------+-------------------------+-----
Spellcasting   | 5 6 |  6.0
Fighting       | 1 2 3 |  3.1
Short Blades   | 1 2 3 |  3.1
Long Blades    | 1 2 3 |  3.1
Axes           | 1 2 3 |  3.1
Maces & Flails | 1 2 3 |  3.1
Polearms       | 1 2 3 |  3.1
Staves         | 1 2 3 |  3.1
Slings         | 1 2 3 |  3.1
Bows           | 1 2 3 |  3.1
Crossbows      | 1 2 3 |  3.1
Throwing       | 1 2 3 |  3.1
Armour         | 1 2 3 |  3.1
Shields        | 1 2 3 |  3.1
Unarmed Combat | 1 2 3 |  3.1
Invocations    | 1 2 3 |  3.5
Evocations     | 1 2 3 |  3.1
Hexes          | 1 2 |  2.5
Charms         | 1 2 |  2.5
Summonings     | 1 2 |  2.5
Necromancy     | 1 2 |  2.5
Translocations | 1 2 |  2.5
Transmutations | 1 2 |  2.5
Fire Magic     | 1 2 |  2.5
Ice Magic      | 1 2 |  2.5
Air Magic      | 1 2 |  2.5
Earth Magic    | 1 2 |  2.5
Poison Magic   | 1 2 |  2.5
Dodging        | 5 |  5.6
Stealth        | 5 |  5.3
Conjurations   | |  7.6

Action                   |  1- 3 |  4- 6 |  7- 9 || total
-------------------------+-------+-------+-------++-------
Melee: Hand axe          |     7 |       |       ||     7
       Club              |       |     3 |    18 ||    21
       Punch             |       |       |     1 ||     1
       Bite              |       |       |     3 ||     3
Throw: Javelin           |       |       |     3 ||     3
 Cast: Magic Dart        |    33 |    85 |    49 ||   167
       Searing Ray       |     2 |     9 |    12 ||    23
       Fulminant Prism   |       |       |     2 ||     2
  Use: Scroll            |     4 |     5 |     2 ||    11
  Eat: Chunk             |     1 |     6 |     5 ||    12
Armor: Robe              |       |     1 |     4 ||     5
Dodge: Dodged            |     3 |     9 |    26 ||    38

Table legend:
 A = Non-vault XP
 B = Vault XP
 C = Vault XP percentage of total XP
 D = Non-vault monster count
 E = Vault monster count
 F = Vault count percentage of total count
                 A         B        C        D         E       F
            +---------+---------+-------+---------+---------+-------
      Total |    1085 |     572 |  34.5 |      91 |       5 |   5.2
            +---------+---------+-------+---------+---------+-------
        D:1 |      27 |       0 |   0.0 |      16 |       0 |   0.0
        D:2 |      37 |     293 |  88.8 |      13 |       3 |  18.8
        D:3 |     246 |     277 |  53.0 |      35 |       1 |   2.8
        D:4 |     347 |       2 |   0.6 |      12 |       1 |   7.7
        D:5 |     428 |       0 |   0.0 |      15 |       0 |   0.0
            +---------+---------+-------+---------+---------+-------
